 Dungeon Crawl Stone Soup version 0.20-a0-443-g0464b71 (webtiles) character file.

542527 Ijustatesigmund the Slayer (level 25, -25/375 HPs)
             Began as a Minotaur Berserker on Jan 4, 2017.
             Was the Champion of Trog.
             Annihilated by Yrogh the pandemonium lord (44 damage)
             ... on level 9 of a ziggurat on Jan 6, 2017.
             The game lasted 03:54:33 (51606 turns).

Ijustatesigmund the Slayer (Minotaur Berserker)    Turns: 51606, Time: 03:54:35

Health: -25/375    AC: 38    Str: 30      XL:     25   Next: 30%
Magic:  9/9        EV: 31    Int:  2 (3)  God:    Trog [******]
Gold:   2488       SH: 19    Dex: 27      Spells: 24/24 levels left

rFire  + . .     SeeInvis .     p - +9 broad axe (antimagic)
rCold  . . .     Gourm    .     U - +10 chain mail "Gyulad" {Int+2}
rNeg   + + .     Faith    .     g - +3 shield
rPois  +         Spirit   .     h - +2 hat
rElec  .         Reflect  .     F - +2 cloak
rCorr  .         Harm     .     v - +1 pair of gloves "Hyiharad" {rPois}
MR     +++..                    P - +2 pair of boots
Stlth  ..........               Y - amulet of regeneration
                                T - ring "Xaups" {rF+ rN++ Int-3 Dex+3 Stlth+}
                                (no ring)

@: agile, berserking, very slightly contaminated, regenerating, hasted, very
quick
A: retaliatory headbutt, horns 2, wild magic 1, MP-powered wands
}: 2/15 runes: decaying, serpentine
a: Berserk, Trog's Hand, Brothers in Arms, Burn Spellbooks, Renounce Religion


You were on level 9 of a ziggurat.
You worshipped Trog.
Trog was exalted by your worship.
You were hungry.

You visited 9 branches of the dungeon, and saw 44 of its levels.
You visited 1 ziggurat, and saw 9 of its levels.
You also visited: Sewer, Ice Cave, Volcano and Desolation.

You collected 7550 gold pieces.
You spent 5062 gold pieces at shops.

Inventory:

Hand Weapons
 o - a +6 broad axe of freezing
 p - a +9 antimagic broad axe (weapon)
Missiles
 l - 8 silver javelins (quivered)
Armour
 g - a +3 shield (worn)
 h - a +2 hat (worn)
 v - the +1 pair of gloves "Hyiharad" (worn) {rPois}
   (You found it in an ice cave)

   It protects you from poison.
 F - a +2 cloak (worn)
 P - a +2 pair of boots (worn)
 U - the +10 chain mail "Gyulad" (worn) {Int+2}
   (You found it on level 3 of the Crypt)

   It affects your intelligence (+2).
Jewellery
 w - an uncursed ring of protection from cold
 L - the ring "Omniring" {rF+ rC+ MP+9 Int-3}
   (You found it in the Desolation of Salt)

   [ring of protection from cold]

   It affects your intelligence (-3).
   It protects you from fire.
   It protects you from cold.
   It affects your magic capacity (+9).
 R - the ring "Ironegh" {rF+ rN+ Slay+3}
   (You found it on level 3 of the Elven Halls)

   [ring of positive energy]

   It affects your accuracy and damage with ranged weapons and melee attacks
   (+3).
   It protects you from fire.
   It protects you from negative energy.
 T - the ring "Xaups" (right hand) {rF+ rN++ Int-3 Dex+3 Stlth+}
   (You found it on level 3 of the Elven Halls)

   [ring of dexterity]

   It affects your intelligence (-3).
   It affects your dexterity (+3).
   It protects you from fire.
   It greatly protects you from negative energy.
   It makes you more stealthy.
 V - a +4 ring of slaying
 Y - an amulet of regeneration (around neck)
Wands
 a - a wand of iceblast (5/15)
 e - a wand of clouds (4/9)
 j - a wand of digging (18/24)
 z - a wand of polymorph (6/24)
 H - a wand of disintegration (11/24)
 Q - a wand of lightning (11/15)
Scrolls
 f - 24 scrolls of teleportation
 n - 11 scrolls of magic mapping
 r - 14 scrolls of identify
 s - 9 scrolls of immolation
 t - 6 scrolls of fog
 u - 8 scrolls of fear
 y - a scroll of brand weapon
 A - a scroll of holy word
 D - 7 scrolls of blinking
 G - 2 scrolls of summoning
 J - 19 scrolls of remove curse
 M - 4 scrolls of silence
 O - 7 scrolls of recharging
Potions
 b - 4 potions of might
 k - 27 potions of curing
 m - 3 potions of ambrosia
 q - 8 potions of brilliance
 x - 2 potions of magic
 B - 6 potions of haste
 C - 3 potions of resistance
 E - 8 potions of flight
 I - 6 potions of cancellation
 N - 8 potions of heal wounds
 W - 2 potions of invisibility
 X - a potion of cure mutation
 Z - 5 potions of agility
Comestibles
 c - 29 bread rations
 i - 23 meat rations


   Skills:
 - Level 25.5 Fighting
 - Level 25.3 Axes
 + Level 13.8 Throwing
 - Level 20.5 Armour
 - Level 18.0 Dodging
 - Level 9.5 Stealth
 - Level 14.4 Shields
 - Level 10.2 Evocations


You had 24 spell levels left.
You didn't know any spells.

Dungeon Overview and Level Annotations

Branches:
Dungeon (15/15)            Temple (0/1) D:6            Lair (6/6) D:9
  Swamp (4/4) Lair:4        Snake (4/4) Lair:3        Slime (0/5) Lair:6
    Orc (2/2) D:11            Elf (3/3) Orc:2        Vaults (4/5) D:13
  Crypt (3/3) Vaults:3       Tomb (0/3) Crypt:3      Depths (3/5) D:15

Altars:
Dithmenos
Gozag
Hepliaklqana
Kikubaaqudgha
Makhleb
Nemelex Xobeh
Okawaru
Sif Muna
Uskayaw
Vehumet
Yredelemnul
Zin
Beogh
Jiyva

Shops:
D:9 [=   D:15 (*:(:   Orc:1 :   Orc:2 }((?   Elf:1 *   Elf:2 *   Snake:2 !
Vaults:2 :   Vaults:3 *!}*   Depths:1 %?   Depths:3 [??!

Portals:
Hell: Depths:1 Depths:2 Depths:3
Pandemonium: Depths:1 Depths:3
Trove: D:13 (give +4 ice dragon scales)


Innate Abilities, Weirdness & Mutations

You reflexively headbutt those who attack you in melee.
You have a pair of horns on your head.
Your spells are a little harder to cast, but a little more powerful.
You expend magic power (3 MP) to strengthen your wands.


Message History

You completely miss the Tzitzimitl. You slice the tormentor!!
The tormentor's magic leaks into the air.
You slice the ice devil!!
You kill the ice devil!
Trog accepts your kill. You block the tormentor's attack.
The tormentor misses you. You block Yrogh's attack.
You closely miss the tormentor. Your headbutt misses the tormentor.
You completely miss Yrogh. You slash the tormentor!
The tormentor's magic leaks into the air.
You slice the Tzitzimitl!!
The Tzitzimitl's magic leaks into the air.
You barely miss the tormentor. The tormentor gestures at you.
You resist with almost no effort.
The tormentor calls on the powers of darkness!
Your body is wracked with pain!
* * * LOW HITPOINT WARNING * * *
Yrogh hits you!!!
You die...

▓▓....... ▓▓........
......▓▓
▓▓.................▓▓
▓...................▓
▓.......#####6...([!▓
▓▓.......#...#...!|∩)▓
▓..∩.....#...#...))>!(
▓▓.......#...#261.|∩}▓
▓.......#####@&2.??!▓
▓............12.....▓
▓▓.................▓▓
▓▓...............▓▓
▓▓.............▓▓
▓▓▓.........▓▓▓
▓▓▓▓▓.▓▓▓▓▓ ▓▓▓


You could see Yrogh, a Tzitzimitl, an Ice Fiend, 2 demonspawn and 3 tormentors.

Vanquished Creatures
  A greater mummy (Crypt:3)
  the Lernaean hydra (Swamp:4)
  Frederick (Vaults:2)
  A curse toe (Crypt:3)
  Xtahua (Crypt:3)
  Saint Roka (Depths:2)
  3 golden dragons
  A bone dragon (Depths:2)
  2 tentacled monstrosities
  The ghost of aspy the Eclecticist, a veteran VSAE of Sif Muna (Depths:2)
  Asterion (Vaults:3)
  3 deep elf blademasters
  A quicksilver dragon (Depths:2)
  A deep elf master archer (Elf:3)
  4 liches
  The ghost of N00B the Fencer, an adept DsFi of Vehumet (Vaults:1)
  9 ancient champions
  Agnes (Elf:2)
  A sphinx (Depths:3)
  An Executioner (Zig:8)
  3 storm dragons
  A shadow dragon (Depths:2)
  7 tengu reavers
  3 revenants
  Donald (Swamp:2)
  Roxanne (Swamp:2)
  An orc warlord (Orc:1)
  3 iron dragons
  5 frost giants
  9 vault wardens
  3 deep elf sorcerers (Elf:3)
  13 nagarajas
  A balrug (Zig:8)
  Aizul (Snake:2)
  2 curse skulls
  2 imperial myrmidons (Desolation)
  5 fire giants
  A caustic shrike zombie (Zig:4)
  5 deep elf elementalists
  A draconian shifter (Zig:3)
  4 ghouls
  2 spriggan defenders (Depths:2)
  A reaper (IceCv)
  13 ironheart preservers
  3 deep elf demonologists (Elf:3)
  6 vampire knights
  10 stone giants
  A lorocyproca (Depths:1)
  18 very ugly things
  A black draconian (Zig:3)
  A halazid warlock (Desolation)
  8 deep elf annihilators
  A yellow draconian (Zig:3)
  4 eidola
  A blizzard demon (Depths:2)
  7 deep elf death magi
  9 ettins
  A green death (Zig:9)
  5 fire dragons
  9 yaktaur captains
  9 ragged hierophants (Desolation)
  3 crystal guardians (Desolation)
  15 jiangshi
  2 large abominations
  13 vault guards
  9 deep elf high priests
  9 great orbs of eyes
  3 servants of whispers (Desolation)
  18 hydras
  A quicksilver dragon skeleton (Crypt:1)
  7 rakshasas
  An ice dragon (Depths:1)
  A great orb of eyes (shapeshifter) (Depths:3)
  13 centaur warriors
  Erolcha (D:11)
  2 spriggan air magi (Depths:2)
  11 peacekeepers
  2 catoblepae (Lair:6)
  15 naga warriors
  A ghost crab (Swamp:3)
  9 alligators
  50 two-headed ogres
  7 anacondas
  7 death knights
  8 deep troll shamans
  22 ogre magi
  27 dancing weapons
  An alligator (shapeshifter) (Depths:2)
  11 death yaks
  7 deep troll earth magi
  15 tengu warriors
  A thrashing horror (Zig:8)
  A hell hog (Volcano)
  12 spriggans
  11 spriggan berserkers
  6 vampire magi
  4 soul eaters
  3 sun demons (Depths:2)
  Nergalle (Orc:2)
  5 naga sharpshooters (Snake:4)
  2 storm dragon zombies
  5 hell knights (Depths:3)
  2 small abominations
  6 shock serpents
  17 deep elf knights
  A spatial maelstrom (Zig:8)
  4 shadow wraiths
  2 quicksilver dragon simulacra
  5 iron trolls
  A sixfirhy (Zig:9)
  A fire crab (Volcano)
  36 skeletal warriors
  2 unseen horrors
  A ghost moth zombie (Crypt:1)
  A sea snake (shapeshifter) (Zig:1)
  15 deep trolls
  8 swamp dragons
  5 flayed ghosts
  3 spriggan druids
  A swamp dragon (shapeshifter) (Depths:3)
  5 glowing orange brains
  2 shambling mangroves
  An orange crystal statue (Zig:3)
  A lindwurm (Lair:6)
  2 naga ritualists
  11 phantasmal warriors
  10 deep elf archers
  11 wizards
  3 wolf spider zombies
  14 orc knights
  13 ironbrand convokers
  Pikel (D:4)
  A tengu zombie (Vaults:4)
  A shadow dragon zombie (Crypt:3)
  8 necromancers
  An obsidian statue (Volcano)
  4 wolf spiders
  6 mana vipers
  57 ugly things
  A mana viper (shapeshifter) (Depths:2)
  2 manticores
  12 orc sorcerers
  A salamander (Snake:3)
  An iron dragon zombie (Crypt:3)
  A stone giant zombie (Zig:7)
  74 deep elf magi
  10 elephants
  7 guardian serpents
  11 cyclopes
  5 centaur zombies
  A fire giant zombie (Crypt:1)
  3 ice statues
  29 black mambas
  8 rust devils (Depths:2)
  2 shadow dragon skeletons (Crypt:3)
  3 molten gargoyles
  2 eyes of devastation (shapeshifter)
  2 gargoyles (D:13)
  A fire giant skeleton (Crypt:1)
  3 stone giant skeletons
  An apocalypse crab (Zig:5)
  A black mamba (shapeshifter) (Vaults:1)
  12 vault sentinels
  14 naga magi
  A smoke demon (Zig:8)
  13 spiny frogs
  2 efreet
  A tormentor (Zig:4)
  2 rime drakes
  12 freezing wraiths
  12 ice devils
  23 yaktaurs
  A rime drake (shapeshifter) (Elf:3)
  10 komodo dragons
  A yaktaur (shapeshifter) (Depths:1)
  A demonic crawler (Zig:9)
  A purple draconian zombie (Crypt:2)
  An anaconda simulacrum (Crypt:1)
  A meliai (shapeshifter) (Elf:3)
  9 trolls
  3 tengu conjurers
  A death drake zombie (Crypt:1)
  A polar bear (Vaults:2)
  A hydra zombie (Crypt:2)
  6 red devils (Depths:2)
  A queen bee (shapeshifter) (Depths:3)
  3 tyrant leeches
  17 blink frogs
  16 hippogriffs
  57 saltlings (Desolation)
  16 hornets
  10 dream sheep
  An ettin zombie (Crypt:1)
  Grinder (D:5)
  21 slime creatures
  A slime creature (shapeshifter) (Zig:1)
  A stone giant simulacrum (Crypt:3)
  16 bog bodies
  2 spriggan zombies
  A meliai zombie (D:15)
  3 air elementals (Depths:2)
  47 yaks
  2 ettin skeletons
  2 flying skulls (Depths:2)
  A spriggan skeleton (Zig:7)
  A redback (shapeshifter) (Elf:3)
  4 vampires (Crypt:3)
  12 wraiths
  2 spriggans (shapeshifter)
  6 wyverns
  12 shadows
  3 ynoxinuls (Zig:8)
  2 humans (shapeshifter)
  A tarantella (shapeshifter) (Vaults:3)
  Grum (D:9)
  A basilisk (shapeshifter) (Vaults:2)
  4 basilisks
  9 fire bats (Volcano)
  7 water elementals
  19 humans (D:13)
  A golden eye (Zig:8)
  2 hungry ghosts
  14 vampire mosquitoes
  A fire elemental (Elf:3)
  2 neqoxecs (Zig:8)
  A redback simulacrum (D:14)
  5 wargs
  8 insubstantial wisps
  2 chaos spawn (Zig:5)
  19 swamp worms
  A soldier ant (D:15)
  44 nagas
  2 acid dragons
  A glowing shapeshifter zombie (Crypt:1)
  Duvessa (D:5)
  9 porcupines
  6 water moccasins
  3 hell hounds
  2 hornet zombies
  2 floating eyes (Depths:3)
  A floating eye (shapeshifter) (Depths:3)
  A faun skeleton (Crypt:2)
  11 swamp drakes
  An eye of draining (D:12)
  4 ice beasts
  40 orc warriors
  An elephant zombie (Crypt:2)
  3 necrophages
  An eye of draining (shapeshifter) (Vaults:4)
  14 wolves
  A blink frog zombie (Crypt:2)
  52 ogres
  2 sky beasts
  5 black bears
  3 ettin simulacra (Depths:2)
  The ghost of junkhipster the Chopper, an amateur DsBe of Trog (D:3)
  A tengu (shapeshifter) (Depths:1)
  12 boggarts
  43 centaurs
  8 crocodiles
  A draconian zombie (Crypt:3)
  A hog skeleton (Crypt:3)
  6 big kobolds
  A manticore skeleton (Crypt:1)
  16 bullfrogs
  Blork the orc (D:5)
  5 earth elementals
  2 wyvern zombies
  A glowing shapeshifter simulacrum (Vaults:3)
  A komodo dragon skeleton (Crypt:2)
  A water moccasin zombie (Crypt:3)
  4 scorpions
  Dowan (D:5)
  A raiju zombie (Crypt:3)
  6 wights
  10 killer bees
  7 electric eels
  8 howler monkeys
  12 crimson imps
  12 lava snakes
  2 bullfrog zombies
  4 hounds
  A bullfrog skeleton (D:9)
  42 orc wizards
  2 quasits
  2 human zombies
  14 orc priests
  3 jellies
  7 centaur skeletons
  2 iron imps
  3 human skeletons
  6 iguanas
  14 worker ants
  A demigod zombie (Crypt:1)
  An acid dragon skeleton (Crypt:1)
  A deep dwarf skeleton (Crypt:1)
  A hound zombie (D:6)
  2 ogre skeletons
  A big kobold skeleton (Crypt:3)
  A tengu skeleton (Crypt:2)
  2 hound skeletons
  A worker ant zombie (D:10)
  4 gnolls (D:6)
  11 adders
  5 shadow imps
  9 white imps
  6 ufetubi (IceCv)
  2 oozes
  3 adder skeletons
  5 worms
  2 dart slugs
  12 leopard geckos
  105 orcs
  4 ball pythons
  9 bats
  7 giant cockroaches
  4 hobgoblins
  3 jackals (D:3)
  4 quokkas
  A river rat zombie (Crypt:3)
  10 frilled lizards
  12 goblins
  22 kobolds
  2 leopard gecko skeletons
  A leopard gecko zombie (Crypt:2)
  2 quokka skeletons
  2 quokka zombies
  16 rats
  4 crawling corpses (Elf:3)
  A fungus (Swamp:4)
  4 plants
2249 creatures vanquished.

Vanquished Creatures (collateral kills)
  A deep elf high priest (Depths:2)
  A spriggan berserker (Depths:2)
  A wretched star (Zig:8)
  A wraith (Depths:2)
4 creatures vanquished.

Vanquished Creatures (others)
  Boris (Depths:3)
  A deep elf demonologist (Elf:3)
  An ettin (Depths:3)
  A quicksilver dragon simulacrum (Depths:2)
  An ice devil (Depths:2)
  2 spriggans (Swamp:4)
  A steam dragon (Volcano)
  A naga (Snake:4)
  A swamp drake (Swamp:4)
  An ettin simulacrum (Depths:2)
  2 boggarts (Depths:1)
  An orc wizard (Orc:2)
  A white imp (IceCv)
  7 ufetubi (IceCv)
  A giant cockroach (D:4)
  17 fungi
  10 plants
50 creatures vanquished.

Grand Total: 2303 creatures vanquished

Notes
Turn   | Place    | Note
-------+----------+-------------------------------------------
     0 | D:1      | Ijustatesigmund the Minotaur Berserker began the quest for the Orb.
     0 | D:1      | Reached XP level 1. HP: 19/19 MP: 0/0
   193 | D:1      | Reached XP level 2. HP: 26/26 MP: 1/1
   579 | D:2      | Found a glowing silver altar of Zin.
   613 | D:2      | Reached skill level 5 in Axes
   668 | D:2      | Reached XP level 3. HP: 23/31 MP: 2/2
   705 | D:2      | Reached ** piety under Trog
  1082 | D:2      | Reached XP level 4. HP: 40/40 MP: 3/3
  1526 | D:3      | Found a glowing drain.
  1542 | Sewer    | Entered a sewer
  1561 | Sewer    | Reached XP level 5. HP: 33/47 MP: 4/4
  1660 | Sewer    | Reached skill level 5 in Fighting
  1946 | Sewer    | Reached *** piety under Trog
  1946 | Sewer    | Reached XP level 6. HP: 44/56 MP: 5/5
  2092 | Sewer    | Gained mutation: You have sharp toenails. [potion of mutation]
  2092 | Sewer    | Gained mutation: Your body sometimes deteriorates upon taking damage. [potion of mutation]
  2092 | Sewer    | Lost mutation: You have sharp toenails. [potion of mutation]
  2096 | Sewer    | Lost mutation: Your body sometimes deteriorates upon taking damage. [potion of cure mutation]
  2367 | D:3      | Found an opulent altar of Gozag.
  2375 | D:3      | Noticed junkhipster's ghost (amateur DsBe)
  2382 | D:3      | Killed junkhipster's ghost
  2520 | D:3      | Found a faded altar of an unknown god.
  2760 | D:4      | Reached skill level 1 in Shields
  2760 | D:4      | Reached XP level 7. HP: 64/64 MP: 6/6
  2914 | D:4      | Noticed Pikel
  2925 | D:4      | Killed Pikel
  2925 | D:4      | Reached XP level 8. HP: 74/74 MP: 7/7
  3182 | D:4      | Found a sparkling altar of Nemelex Xobeh.
  3440 | D:5      | Entered Level 5 of the Dungeon
  3540 | D:5      | Noticed Dowan
  3542 | D:5      | Noticed Duvessa
  3563 | D:5      | Killed Dowan
  3564 | D:5      | Killed Duvessa
  3842 | D:5      | Noticed Grinder
  3847 | D:5      | Killed Grinder
  3847 | D:5      | Reached skill level 5 in Shields
  3981 | D:5      | Noticed Blork the orc
  3991 | D:5      | Killed Blork the orc
  4094 | D:5      | Reached skill level 10 in Axes
  4466 | D:6      | Reached XP level 9. HP: 74/83 MP: 8/8
  4528 | D:6      | Found a staircase to the Ecumenical Temple.
  4712 | D:6      | Reached **** piety under Trog
  5350 | D:7      | Found an iron altar of Okawaru.
  5398 | D:7      | Reached skill level 10 in Fighting
  5673 | D:7      | Found a radiant altar of Vehumet.
  6683 | D:8      | Noticed a two-headed ogre
  6694 | D:8      | Killed a two-headed ogre
  6694 | D:8      | Reached XP level 10. HP: 46/94 MP: 9/9
  6870 | D:9      | Noticed a two-headed ogre
  6879 | D:9      | Killed a two-headed ogre
  7357 | D:9      | Noticed a two-headed ogre
  7375 | D:9      | Killed a two-headed ogre
  7667 | D:9      | Found Nearghesk's Antique Armour Shop.
  7830 | D:9      | Found a deep blue altar of Sif Muna.
  7855 | D:9      | Found Qadd's Jewellery Emporium.
  7868 | D:9      | Noticed Grum
  7887 | D:9      | Killed Grum
  8162 | D:9      | Found a staircase to the Lair.
  8163 | D:9      | Noticed a death yak
  8163 | D:9      | Noticed a death yak
  8164 | D:9      | Noticed a death yak
  8179 | D:9      | Noticed a death yak
  8181 | D:9      | Noticed a death yak
  8183 | D:9      | Noticed a death yak
  8191 | D:9      | Killed a death yak
  8197 | D:9      | Killed a death yak
  8197 | D:9      | Reached XP level 11. HP: 105/105 MP: 10/10
  8203 | D:9      | Killed a death yak
  8212 | D:9      | Killed a death yak
  8224 | Lair:1   | Entered Level 1 of the Lair of Beasts
  8843 | D:9      | Killed a death yak
  8847 | D:9      | Killed a death yak
  8998 | D:10     | Entered Level 10 of the Dungeon
  9248 | D:10     | Noticed a two-headed ogre
  9260 | D:10     | Killed a two-headed ogre
  9570 | D:10     | Got a bloodstained plate armour
  9581 | D:10     | Identified the +2 plate armour "Pugo" {Str+3 Stlth+} (You found it on level 10 of the Dungeon)
  9787 | D:10     | Reached skill level 15 in Axes
 10045 | D:11     | Noticed a two-headed ogre
 10055 | D:11     | Killed a two-headed ogre
 10055 | D:11     | Reached XP level 12. HP: 95/118 MP: 11/11
 10062 | D:11     | Reached ***** piety under Trog
 10110 | D:11     | Noticed Erolcha
 10122 | D:11     | Killed Erolcha
 10188 | D:11     | Found a staircase to the Orcish Mines.
 10198 | D:11     | Found a roughly hewn altar of Beogh.
 10396 | D:9      | Bought a translucent plate armour for 784 gold pieces
 10406 | D:9      | Identified the +4 plate armour "Kifose" {MR+ Stlth+} (You bought it in a shop on level 9 of the Dungeon)
 10650 | D:11     | Reached skill level 5 in Armour
 10957 | D:12     | Reached skill level 15 in Fighting
 11773 | D:12     | Received a gift from Trog
 12206 | D:12     | Noticed a centaur warrior
 12215 | D:12     | Killed a centaur warrior
 12250 | D:12     | Upgraded the game from 0.20-a0-433-g9e36e56 to 0.20-a0-435-gf4ea4dd
 12868 | D:13     | Found a portal to a secret trove of treasure.
 13048 | D:13     | Reached XP level 13. HP: 85/128 MP: 12/12
 13607 | D:13     | Received a gift from Trog
 13647 | D:13     | Identified the Guide on Supportive Flames
 13652 | D:13     | Got a shimmering rapier
 13653 | D:13     | Identified the +10 rapier of Proximity {speed, rC+ Int+2} (You found it on level 13 of the Dungeon)
 13690 | D:13     | Found a gate to the Vaults.
 13793 | D:13     | Reached skill level 10 in Armour
 13983 | D:13     | Noticed a tengu reaver
 13999 | D:13     | Killed a tengu reaver
 14454 | D:13     | Received a gift from Trog
 14459 | D:13     | Got an encrusted war axe {god gift}
 14460 | D:13     | Identified the +2 war axe of Amortisation {flame, rElec rC+ Stlth+} (Trog gifted it to you on level 13 of the Dungeon)
 15033 | D:14     | Reached skill level 5 in Dodging
 15049 | D:14     | Reached ****** piety under Trog
 15200 | D:14     | Found a shadowy altar of Dithmenos.
 15764 | Lair:1   | Reached XP level 14. HP: 140/140 MP: 13/13
 16987 | Lair:2   | Found a hide-covered altar of Uskayaw.
 17172 | Lair:3   | Received a gift from Trog
 17257 | Lair:3   | Found a staircase to the Snake Pit.
 18208 | Lair:4   | Found a dark tunnel.
 18216 | Volcano  | Entered a volcano
 18348 | Volcano  | Found a radiant altar of Vehumet.
 18662 | Lair:4   | Reached skill level 1 in Evocations
 19260 | Lair:4   | Found a staircase to the Swamp.
 19515 | Lair:5   | Found a frozen archway.
 19539 | IceCv    | Entered an ice cave
 19648 | IceCv    | Received a gift from Trog
 19712 | IceCv    | Got an encrusted hat
 19718 | IceCv    | Identified the -1 hat of Parts Unknown {Stlth+} (You found it in an ice cave)
 19739 | IceCv    | Got a pair of scorched gloves
 19745 | IceCv    | Identified the +1 pair of gloves "Hyiharad" {rPois} (You found it in an ice cave)
 19788 | IceCv    | Noticed a reaper
 19800 | IceCv    | Killed a reaper
 19990 | IceCv    | Reached skill level 5 in Evocations
 20913 | Lair:6   | Entered Level 6 of the Lair of Beasts
 20999 | Lair:6   | Reached XP level 15. HP: 139/150 MP: 16/18
 21115 | Lair:6   | Received a gift from Trog
 21372 | Lair:6   | Got a brightly glowing morningstar
 21373 | Lair:6   | Identified the cursed +1 morningstar "Minotaur's Foe" {pain, rElec rN+} (You found it on level 6 of the Lair of Beasts)
 21498 | Lair:6   | Found a viscous altar of Jiyva.
 21498 | Lair:6   | Found a staircase to the Slime Pits.
 22069 | Snake:1  | Entered Level 1 of the Snake Pit
 22597 | Snake:1  | Reached XP level 16. HP: 155/160 MP: 6/19
 23348 | Snake:2  | Noticed Aizul
 23370 | Snake:2  | Killed Aizul
 24347 | Snake:2  | Found Zuirphem's Distillery.
 24395 | Snake:2  | Bought a potion of beneficial mutation for 700 gold pieces
 24395 | Snake:2  | Gained mutation: Your spells are a little harder to cast, but a little more powerful. [potion of beneficial mutation]
 25146 | Snake:3  | Received a gift from Trog
 25890 | Snake:4  | Entered Level 4 of the Snake Pit
 26039 | Snake:4  | Reached XP level 17. HP: 171/171 MP: 6/20
 26305 | Snake:4  | Identified a scroll of acquirement
 26308 | Snake:4  | Got a pair of faintly glowing gloves
 26319 | Snake:4  | Identified the +0 pair of gloves of God Told Me To {rN+ Str-2 SInv} (You acquired it on level 4 of the Snake Pit)
 26440 | Snake:4  | Reached skill level 15 in Armour
 26643 | Snake:4  | Received a gift from Trog
 26722 | Snake:4  | Got a serpentine rune of Zot
 27182 | Orc:1    | Entered Level 1 of the Orcish Mines
 27246 | Orc:1    | Found a burning altar of Makhleb.
 27269 | Orc:1    | Found Vapif's Book Emporium.
 27572 | Orc:2    | Entered Level 2 of the Orcish Mines
 27620 | Orc:2    | Received a gift from Trog
 27713 | Orc:2    | Found a staircase to the Elven Halls.
 28066 | Orc:2    | Found an ancient bone altar of Kikubaaqudgha.
 28067 | Orc:2    | Noticed Nergalle
 28079 | Orc:2    | Killed Nergalle
 28085 | Orc:2    | Found Toocacs's Antique Weapon Boutique.
 28107 | Orc:2    | Found a radiant altar of Vehumet.
 28117 | Orc:2    | Received a gift from Trog
 28127 | Orc:2    | Found a roughly hewn altar of Beogh.
 28127 | Orc:2    | Found Gautt's Gadget Boutique.
 28128 | Orc:2    | Found Byosol's Magic Scroll Shop.
 28136 | Orc:2    | Found Bashriat's Antique Weapon Shop.
 28761 | Swamp:1  | Entered Level 1 of the Swamp
 29604 | Swamp:2  | Noticed Donald
 29614 | Swamp:2  | Killed Donald
 29699 | Swamp:2  | Noticed Roxanne
 29731 | Swamp:2  | Killed Roxanne
 29745 | Swamp:2  | Found a glowing silver altar of Zin.
 29802 | Swamp:2  | Reached XP level 18. HP: 175/184 MP: 13/21
 30769 | Swamp:3  | Received a gift from Trog
 30978 | Swamp:4  | Entered Level 4 of the Swamp
 31158 | Swamp:4  | Noticed the 27-headed Lernaean hydra
 31167 | Swamp:4  | Killed the 26-headed Lernaean hydra
 31558 | Swamp:4  | Got a decaying rune of Zot
 31892 | Lair:4   | Received a gift from Trog
 32115 | Vaults:1 | Entered Level 1 of the Vaults
 32372 | Vaults:1 | Noticed N00B's ghost (adept DsFi)
 32393 | Vaults:1 | Killed N00B's ghost
 32793 | Orc:1    | Bought a manual of Dodging for 1656 gold pieces
 32849 | Elf:1    | Entered Level 1 of the Elven Halls
 32876 | Elf:1    | Received a gift from Trog
 32921 | Elf:1    | Reached skill level 10 in Dodging
 32961 | Elf:1    | Found a ruined gateway.
 32975 | Desolati | Entered the Desolation of Salt
 33005 | Desolati | Reached XP level 19. HP: 172/195 MP: 7/22
 33050 | Desolati | Got a transparent turquoise ring
 33055 | Desolati | Identified the ring of the Pharaoh's Fist {rPois Stlth+} (You found it in the Desolation of Salt)
 33061 | Desolati | Got a blackened shield
 33080 | Desolati | Identified the +0 shield of the Ladybird {Dex+3} (You found it in the Desolation of Salt)
 33605 | Desolati | Got a vibrating glass ring
 33607 | Desolati | Identified the ring "Omniring" {rF+ rC+ MP+9 Int-3} (You found it in the Desolation of Salt)
 33767 | Desolati | Reached skill level 15 in Dodging
 34031 | Elf:1    | Received a gift from Trog
 34444 | Elf:1    | Found Jyruufil's General Store.
 34660 | Elf:2    | Found Zocetso's Assorted Antiques.
 34737 | Elf:2    | Found a huge runed gate.
 34737 | Elf:2    | Found a huge runed gate.
 34737 | Elf:2    | Found a huge runed gate.
 34737 | Elf:2    | Found a huge runed gate.
 34800 | Elf:2    | Noticed Agnes
 34808 | Elf:2    | Killed Agnes
 34826 | Elf:2    | Received a gift from Trog
 35426 | Elf:3    | Entered Level 3 of the Elven Halls
 35435 | Elf:3    | Reached XP level 20. HP: 204/204 MP: 7/23
 35460 | Elf:3    | Received a gift from Trog
 36238 | Elf:3    | Received a gift from Trog
 36363 | Elf:3    | Got a vibrating gossamer ring
 36367 | Elf:3    | Got a brightly glowing granite ring
 36370 | Elf:3    | Identified the ring "Ironegh" {rF+ rN+ Slay+3} (You found it on level 3 of the Elven Halls)
 36373 | Elf:3    | Identified the ring "Xaups" {rF+ rN++ Int-3 Dex+3 Stlth+} (You found it on level 3 of the Elven Halls)
 36385 | Elf:3    | Identified the Tome of Dark Ignition
 36405 | Elf:3    | Got a smoking executioner's axe
 36406 | Elf:3    | Identified the cursed +1 executioner's axe of Causality {flame, rPois} (You found it on level 3 of the Elven Halls)
 36433 | Elf:3    | Got distressingly furry steam dragon scales
 36444 | Elf:3    | Identified the +2 steam dragon scales of Focus {MP+9 Slay+2} (You found it on level 3 of the Elven Halls)
 36454 | Elf:3    | Got an ancient lead amulet
 36456 | Elf:3    | Identified the amulet of Gozag's Condemnation {Spirit rElec} (You found it on level 3 of the Elven Halls)
 36794 | Elf:3    | Reached skill level 1 in Stealth
 37352 | Vaults:1 | Received a gift from Trog
 38254 | Vaults:2 | Reached skill level 5 in Stealth
 38336 | Vaults:2 | Received a gift from Trog
 38482 | Vaults:2 | Reached XP level 21. HP: 212/212 MP: 8/24
 38756 | Vaults:2 | Noticed Frederick
 38772 | Vaults:2 | Killed Frederick
 38934 | Vaults:2 | Received a gift from Trog
 39466 | Vaults:2 | Found Mozaf's Book Emporium.
 39548 | Vaults:3 | Found Ujiw's Distillery.
 39556 | Vaults:3 | Bought a potion of heal wounds for 75 gold pieces
 39556 | Vaults:3 | Bought 2 potions of haste for 300 gold pieces
 39557 | Vaults:3 | Found Oczuul's Gadget Shop.
 39609 | Vaults:3 | Received a gift from Trog
 39899 | Vaults:3 | Received a gift from Trog
 40014 | Vaults:3 | Noticed Asterion
 40028 | Vaults:3 | Killed Asterion
 40165 | Vaults:3 | Found Vohiefish's General Store.
 40173 | Vaults:3 | Bought a scroll of identify for 30 gold pieces
 40173 | Vaults:3 | Bought a scroll of identify for 30 gold pieces
 40552 | Vaults:3 | Reached skill level 10 in Shields
 40707 | Vaults:3 | Found Caxizao's Assorted Antiques.
 40927 | Vaults:3 | Found a staircase to the Crypt.
 40934 | Crypt:1  | Entered Level 1 of the Crypt
 40959 | Crypt:1  | Received a gift from Trog
 40993 | Crypt:1  | Reached XP level 22. HP: 220/220 MP: 8/25
 41225 | Crypt:1  | Received a gift from Trog
 42862 | Crypt:3  | Entered Level 3 of the Crypt
 43162 | Crypt:3  | Noticed Xtahua
 43168 | Crypt:3  | Killed Xtahua
 43341 | Crypt:3  | Received a gift from Trog
 43565 | Crypt:3  | Found an ancient bone altar of Kikubaaqudgha.
 43565 | Crypt:3  | Noticed a greater mummy
 43575 | Crypt:3  | Noticed a curse toe
 43585 | Crypt:3  | Killed a greater mummy
 43593 | Crypt:3  | Killed a curse toe
 43691 | Crypt:3  | Upgraded the game from 0.20-a0-435-gf4ea4dd to 0.20-a0-443-g0464b71
 43693 | Crypt:3  | Found a basalt altar of Yredelemnul.
 43736 | Crypt:3  | Identified the +10 chain mail "Gyulad" {Int+2} (You found it on level 3 of the Crypt)
 43797 | Crypt:3  | Got a clouded lapis lazuli ring
 43797 | Crypt:3  | Got a bound iron ring
 43799 | Crypt:3  | Identified the ring of Fajej {rN+ Str+6} (You found it on level 3 of the Crypt)
 43801 | Crypt:3  | Identified the ring "Ukueloid" {rN+ MP+9} (You found it on level 3 of the Crypt)
 43811 | Crypt:3  | Got an encrusted mace
 43812 | Crypt:3  | Identified the cursed +1 mace "Xifirghef" {crush, MR+ Int+5} (You found it on level 3 of the Crypt)
 43944 | Crypt:3  | Found a staircase to the Tomb.
 44632 | Vaults:4 | Received a gift from Trog
 44704 | Vaults:4 | Reached XP level 23. HP: 218/229 MP: 8/26
 44705 | Vaults:4 | Received a gift from Trog
 45708 | D:15     | Entered Level 15 of the Dungeon
 45779 | D:15     | Received a gift from Trog
 46061 | D:15     | Found Gukest's Book Emporium.
 46155 | D:15     | Found a staircase to the Depths.
 46191 | D:15     | Found Caorhits's Assorted Antiques.
 46193 | D:15     | Found Setikix's Weapon Emporium.
 46297 | D:15     | Found Qeobri Qocoa's Book Boutique.
 46301 | D:15     | Found Heseamy's Antique Weapon Boutique.
 46403 | Depths:1 | Entered Level 1 of the Depths
 46633 | Depths:1 | Found Juaphac's Magic Scroll Shop.
 46648 | Depths:1 | Found Epru's Food Emporium.
 46685 | Depths:1 | Received a gift from Trog
 46830 | Depths:1 | Found a one-way gate leading to the halls of Pandemonium.
 47109 | Depths:1 | Paralysed by a great orb of eyes for 6 turns
 47232 | Depths:1 | Found a gateway to Hell.
 47399 | Depths:1 | Bought a scroll of teleportation for 45 gold pieces
 47399 | Depths:1 | Bought a scroll of teleportation for 45 gold pieces
 47399 | Depths:1 | Bought a scroll of silence for 112 gold pieces
 47889 | Depths:2 | Received a gift from Trog
 48007 | Depths:2 | Noticed Saint Roka
 48023 | Depths:2 | Found an ancient bone altar of Kikubaaqudgha.
 48032 | Depths:2 | Found a hazy altar of Hepliaklqana.
 48387 | Depths:2 | Reached XP level 24. HP: 242/242 MP: 9/28
 48533 | Depths:2 | Received a gift from Trog
 48543 | Depths:2 | Got a pair of distressingly furry boots
 48554 | Depths:2 | Identified the cursed -3 pair of boots of the Elven Halls {rElec rC+} (You found it on level 2 of the Depths)
 48677 | Depths:2 | Killed Saint Roka
 48869 | Depths:2 | Reached skill level 10 in Evocations
 48979 | Depths:2 | Found an opulent altar of Gozag.
 49033 | Depths:2 | Found a shadowy altar of Dithmenos.
 49036 | Depths:2 | Reached skill level 1 in Throwing
 49088 | Depths:2 | Reached skill level 5 in Throwing
 49265 | Depths:2 | Received a gift from Trog
 49282 | Depths:2 | Noticed aspy's ghost (veteran VSAE)
 49293 | Depths:2 | Killed aspy's ghost
 49668 | Depths:3 | Noticed Boris
 49688 | Depths:3 | Killed Boris
 49942 | Depths:3 | Got a fine ivory ring
 49943 | Depths:3 | Identified the ring of Idealism {rElec rC- MR+ Dex+4} (You found it on level 3 of the Depths)
 50079 | Depths:3 | Reached skill level 10 in Throwing
 50223 | Depths:3 | Found Voplyop's Magic Scroll Boutique.
 50223 | Depths:3 | Found Segamm's Distillery.
 50223 | Depths:3 | Found Wokhluny's Armour Emporium.
 50223 | Depths:3 | Found Tuptoapo's Magic Scroll Shop.
 50263 | Depths:3 | Paralysed by a floating eye for 3 turns
 50276 | Depths:3 | Paralysed by a floating eye for 2 turns
 50278 | Depths:3 | Received a gift from Trog
 50352 | Depths:3 | Bought a scroll of identify for 28 gold pieces
 50352 | Depths:3 | Bought a scroll of enchant armour for 105 gold pieces
 50352 | Depths:3 | Bought a scroll of identify for 28 gold pieces
 50352 | Depths:3 | Bought a scroll of teleportation for 42 gold pieces
 50352 | Depths:3 | Bought a scroll of teleportation for 42 gold pieces
 50352 | Depths:3 | Bought a scroll of identify for 28 gold pieces
 50352 | Depths:3 | Bought a scroll of blinking for 105 gold pieces
 50358 | Depths:3 | Bought a scroll of teleportation for 57 gold pieces
 50358 | Depths:3 | Bought a scroll of identify for 38 gold pieces
 50358 | Depths:3 | Bought a scroll of teleportation for 57 gold pieces
 50358 | Depths:3 | Bought a scroll of teleportation for 57 gold pieces
 50358 | Depths:3 | Bought a scroll of identify for 38 gold pieces
 50358 | Depths:3 | Bought a scroll of enchant armour for 142 gold pieces
 50358 | Depths:3 | Bought a scroll of identify for 38 gold pieces
 50380 | Depths:3 | Bought a potion of haste for 240 gold pieces
 50380 | Depths:3 | Bought a potion of haste for 240 gold pieces
 50529 | Depths:3 | Reached XP level 25. HP: 248/250 MP: 9/29
 50761 | Depths:3 | Found a gateway to a ziggurat.
 50789 | Zig:1    | Entered Level 1 of a ziggurat
 50805 | Zig:2    | Entered Level 2 of a ziggurat
 50931 | Zig:3    | Entered Level 3 of a ziggurat
 50989 | Zig:4    | Entered Level 4 of a ziggurat
 51236 | Zig:5    | Entered Level 5 of a ziggurat
 51264 | Zig:5    | Got a sparkling brass ring
 51269 | Zig:5    | Identified the ring of Watojadag {+Fly Int+4 Slay+2} (You found it on level 5 of a ziggurat)
 51297 | Zig:6    | Entered Level 6 of a ziggurat
 51308 | Zig:6    | Received a gift from Trog
 51365 | Zig:6    | Identified the Tome of Excruciating Malediction
 51379 | Zig:7    | Entered Level 7 of a ziggurat
 51443 | Zig:8    | Entered Level 8 of a ziggurat
 51473 | Zig:8    | Gained mutation: You expend magic power (3 MP) to strengthen your wands. [a neqoxec]
 51581 | Zig:9    | Entered Level 9 of a ziggurat
 51590 | Zig:9    | Noticed Yrogh the pandemonium lord
 51606 | Zig:9    | Annihilated by Yrogh the pandemonium lord

Vault maps used:
D:1:      dpeg_arrival_simpleton_b
D:2:      lemuel_doored_altar
D:3:      grunt_gozag_statues, portal_sewer_entry_b,
          chequers_ecumenical_altar_simple_redux, st_stairs_8
D:4:      kennysheep_mini, first_bread, minmay_misc_feat_chi, uniq_pikel
D:5:      uniq_duvessa, uniq_grinder, uniq_blork_the_orc
D:7:      vehumet_crystals, lemuel_crystal_altar
D:9:      dpeg_lair_monsters, serial_shops, shop, shop, lemuel_blue_sif_altar,
          uniq_grum
D:10:     grunt_pizzeria
D:11:     minmay_orc_entry_temple_small, minmay_lizard_king, uniq_erolcha
D:12:     hangedman_abyss_or_decor_slice
D:13:     grunt_vaults_entry_tiered, enter_trove_1
D:14:     grunt_dithmenos_smoke_and_mirrors, corexii_hall_statues_l
D:15:     grunt_enter_depths_magical_seal, minivault_4, serial_shops,
          nicolae_shop_waterfront, shop, nicolae_shop_waterfront,
          nicolae_shop_waterfront, shop_fountains
Lair:2:   basic_altar
Lair:3:   guppyfry_snake_entry_garden, st_stairs_13, grunt_megastairs_3,
          serial_bayou_shore_b, lemuel_fruit_tree
Lair:4:   cheibrodos_magma_flow, nicolae_swamp_entry_splash_gauntlet,
          enter_volcano_2
Lair:5:   portal_ice_cave_demonic_guard
Lair:6:   grunt_lair_end_beastmaster, slime_altar_1, serial_bayou_lake_a
Swamp:1:  hangedman_swamp_ruin_hall
Swamp:2:  basic_altar, uniq_roxanne, uniq_donald
Swamp:3:  serial_swamp_ruin, evilmike_swamp_ruin_house_3,
          evilmike_swamp_ruin_house_6, infiniplex_staircase_pool
Swamp:4:  grunt_swamp_rune_castle
Snake:2:  serial_shops, shop_statue, spider_trap, st_stairs_9, uniq_aizul
Snake:3:  nicolae_aizul_guard, grunt_ministairs_13
Snake:4:  minmay_snake_end_coiled, st_stairs_7, spider_trap
Orc:1:    serial_shops, shop, basic_altar
Orc:2:    kennysheep_orc_mage_school
Elf:1:    portal_desolation_entry_twin_temple, serial_shops, nicolae_shop_stone,
          kennysheep_underground_church
Elf:2:    serial_shops, shop, uniq_agnes
Elf:3:    minmay_elf_hall_curves, minmay_elf_sorcery
Vaults:1: ontoclasm_vaults_chip, vaults_room_guarded_vault,
          hangedman_vaults_restitches, v_misc_19, v_pattern_3, v_misc_14,
          nicolae_vaults_little_ls, ontoclasm_vaults_loading_screen, v_misc_33,
          vaults_room_grid
Vaults:2: nicolae_vaults_lopsided_apartments, vaults_room_door_hall, v_misc_10,
          hangedman_vaults_stagger, v_misc_2, serial_ice_m,
          nicolae_vaults_network_square, nicolae_vaults_network_s,
          nicolae_vaults_shelves_hall, vaults_dpeg_cross,
          ontoclasm_vaults_ring_large, vaults_room_pools,
          hangedman_vaults_corner_blocks, serial_ice_h, serial_shops, shop,
          uniq_frederick
Vaults:3: blue_anna_dwarven_crypt, ontoclasm_vaults_claustrophobia, v_pattern_5,
          dpeg_vaults_monster_row, vaults_room_fancy_cross,
          nicolae_vaults_rhombus_7, vaults_dpeg_diagonal, vaults_mumra_hex,
          serial_shops, nicolae_shop_behind_doors, shop,
          nicolae_shop_competitors_out_of_business, nicolae_shop_trees,
          uniq_asterion
Vaults:4: hangedman_vaults_slither, v_misc_25, ontoclasm_vaults_gateway,
          v_misc_23, nicolae_vaults_circle_grid_a, hangedman_vaults_restitches,
          grunt_vaults_trifunnel, v_misc_24, hangedman_vaults_cutoff,
          nicolae_vaults_diagonal_hallway_7, vaults_room_pool, v_misc_10,
          v_alt_pattern_1, nicolae_vaults_puzzle_piece, st_smaller_cells,
          grunt_vaults_hallway_short
Crypt:1:  grunt_crypt_arrival_split, grunt_megastairs_2
Crypt:2:  serial_sigils_hangedman_scar, hex_medium, grunt_ministairs_10,
          st_stairs_2
Crypt:3:  lightli_unholy_cathedral, minivault_19, uniq_xtahua
Depths:1: pan_entry, serial_shops, nicolae_shop_window_shopping,
          grunt_hell_entry_dis_mu, kennysheep_generic_room_10, minmay_shop_star
Depths:2: grunt_profane_halls, hell_entry, uniq_saint_roka
Depths:3: hangedman_box_tower, enter_ziggurat_e, kennysheep_decorative_pillar,
          hell_entry, pan_entry, serial_column_ruins, column_ruins_hut_pillars,
          column_ruins_columns_straight, column_ruins_open_small,
          column_ruins_grid_1, column_ruins_columns_straight,
          column_ruins_open_large, nrook_mini_vaults, minmay_staircase_statues,
          uniq_boris
Sewer:    sewer_co_15_rooms
IceCv:    ice_cave_small_demon
Volcano:  volcano_grotto

Skill      XL: |  1  2  3  4  5  6  7  8  9 10 11 12 13 14 15 16 17 18 19 20 21 22 23 24 25 |
---------------+----------------------------------------------------------------------------+-----
Axes           | 4 5 6 7 8 9 10 11 13 15 16 17 18 20 22 23 25 | 25.3
Fighting       | 4 5 6 7 9 10 12 14 15 17 18 19 20 22 23 25 | 25.5
Shields        | 1 4 6 9 10 14 | 14.4
Armour         | 3 8 10 12 14 16 19 20 | 20.5
Dodging        | 5 9 10 18 | 18.0
Evocations     | 6 9 10 | 10.2
Stealth        | 5 9 |  9.5
Throwing       | 11 13 | 13.8

Action                   |  1- 3 |  4- 6 |  7- 9 | 10-12 | 13-15 | 16-18 | 19-21 | 22-24 | 25-27 || total
-------------------------+-------+-------+-------+-------+-------+-------+-------+-------+-------++-------
Melee: Hand axe          |    76 |   142 |   299 |   616 |       |       |       |       |       ||  1133
       Headbutt          |    12 |    29 |    80 |   252 |   192 |   277 |   397 |   570 |    59 ||  1868
       War axe           |       |       |       |   166 |   806 |       |       |       |       ||   972
       Broad axe         |       |       |       |       |    40 |  1082 |  1309 |  1653 |   188 ||  4272
Throw: Javelin           |       |       |       |       |       |       |       |     4 |       ||     4
Invok: Berserk           |       |     3 |     4 |    10 |     3 |     3 |     1 |     8 |     3 ||    35
       Trog's Hand       |       |       |     2 |     5 |     4 |     9 |     6 |     6 |     2 ||    34
       Burn Spellbooks   |       |       |       |       |     6 |     3 |     5 |     8 |     4 ||    26
       Brothers in Arms  |       |       |       |       |       |       |       |     1 |     1 ||     2
Evoke: Wand              |       |       |       |     1 |    11 |     3 |     1 |       |       ||    16
  Use: Scroll            |       |    12 |     8 |    10 |    18 |    14 |     6 |    17 |     4 ||    89
       Potion            |       |     3 |       |     2 |     2 |     3 |     3 |     4 |     4 ||    21
 Stab: Sleeping          |     1 |       |       |       |       |       |     1 |     2 |       ||     4
       Petrified         |       |       |       |       |     2 |       |       |       |       ||     2
       Confused          |       |       |       |       |       |     3 |       |       |       ||     3
       Distracted        |       |       |       |       |       |       |     1 |     4 |       ||     5
  Eat: Chunk             |     1 |     3 |     9 |    18 |    22 |     7 |    17 |     6 |     3 ||    86
       Beef jerky        |       |     1 |     2 |     1 |     1 |     1 |     2 |     7 |       ||    15
       Bread ration      |       |     1 |       |     2 |       |     3 |       |     3 |     1 ||    10
       Fruit             |       |       |     3 |     1 |     2 |    14 |     8 |    10 |       ||    38
       Royal jelly       |       |       |       |     1 |       |       |       |       |       ||     1
       Pizza             |       |       |       |     1 |     7 |     1 |     1 |     2 |       ||    12
       Meat ration       |       |       |       |       |       |     2 |       |       |       ||     2
Armor: Animal skin       |     9 |       |       |       |       |       |       |       |       ||     9
       Ring mail         |     3 |    36 |    69 |    74 |       |       |       |       |       ||   182
       Plate armour      |       |       |       |   168 |   398 |   455 |   411 |   196 |       ||  1628
       Skin              |       |       |       |       |       |       |     1 |       |       ||     1
       Chain mail        |       |       |       |       |       |       |       |   405 |    55 ||   460
Dodge: Dodged            |    45 |    77 |    83 |   139 |   204 |   339 |   438 |   772 |   115 ||  2212
Block: Shield            |       |     3 |   130 |   324 |   379 |   555 |   586 |   999 |   148 ||  3124
